 Dungeon Crawl Stone Soup version 0.16.0-6-gad6103a (webtiles) character file.

4685 Chiseanne the Nimble (level 10, -8/160 HPs)
             Began as an Ogre Hunter on Mar 15, 2015.
             Was an Elder of Trog.
             Mangled by a blink frog (14 damage)
             ... on level 1 of the Lair of Beasts.
             The game lasted 00:34:09 (9828 turns).

Chiseanne the Nimble (Ogre Hunter)                  Turns: 9828, Time: 00:34:10

Health: -8/160     AC:  6    Str: 27    XL:     10   Next: 44%
Magic:  10/10      EV: 13    Int: 10    God:    Trog [****..]
Gold:   512        SH:  0    Dex: 10    Spells: 0 memorised, 9 levels left

rFire  . . .     SeeInvis .     a - +1 mace (crush)
rCold  + . .     Clarity  .     d - +1 animal skin
rNeg   . . .     SustAb   .     (shield restricted)
rPois  .         Gourm    .     (helmet restricted)
rElec  .         Spirit   .     (no cloak)
rCorr  .         Warding  .     (gloves unavailable)
rMut   .         Stasis   .     (boots unavailable)
MR     +....                    (no amulet)
Stlth  ..........               l - ring of protection from cold
                                q - +2 ring of protection

@: berserking, very quick, somewhat resistant to hostile enchantments, extremely
unstealthy
A: unfitting armour, tough skin 1
a: Burn Spellbooks, Berserk, Trog's Hand, Brothers in Arms, Renounce Religion


You were on level 1 of the Lair of Beasts.
You worshipped Trog.
Trog was greatly pleased with you.
You were very hungry.

You visited 3 branches of the dungeon, and saw 10 of its levels.
You also visited: Ossuary.

You collected 512 gold pieces.

Inventory:

Hand weapons
 a - a +1 mace of crushing (weapon)
 s - a +0 mace of holy wrath
 H - a +0 giant spiked club
 M - a +0 blowgun
Missiles
 b - 2 large rocks
 j - 22 poisoned needles
 r - 11 tomahawks
 N - a javelin (quivered)
Armour
 d - a +1 animal skin (worn)
Jewellery
 l - a ring of protection from cold (right hand)
 o - an uncursed ring of teleportation
 q - a +2 ring of protection (left hand)
 u - a cursed amulet of stasis
 y - an uncursed ring of see invisible
Scrolls
 w - 2 scrolls of remove curse
 x - a scroll of teleportation
 A - a scroll of identify
Potions
 h - a potion of restore abilities
 i - a potion of curing
 m - 3 potions of resistance
 z - a potion of might
 C - a potion of cancellation
 D - a potion of haste
 E - a potion of brilliance
 J - a potion of heal wounds
 K - a potion of agility {unknown}
Comestibles
 f - 10 meat rations
 k - 7 bread rations
 F - 6 beef jerkies
 I - a royal jelly
 L - a slice of pizza


   Skills:
 * Level 9.0 Fighting
 * Level 9.4 Maces & Flails
 - Level 5.5 Throwing
 * Level 10.2 Dodging
 - Level 0.7 Stealth


You had 9 spell levels left.
You didn't know any spells.

Dungeon Overview and Level Annotations

Branches:
Dungeon (8/15)             Temple (1/1) D:4            Lair (1/8) D:8

Altars:
Ashenzari
Cheibriados
Dithmenos
Elyvilon
Fedhas
Gozag
Kikubaaqudgha
Makhleb
Nemelex Xobeh
Okawaru
Qazlal
Ru
Sif Muna
Trog
Vehumet
Xom
Yredelemnul
Zin
The Shining One


Innate Abilities, Weirdness & Mutations

You are too large for most types of armour.
You have tough skin (AC +1).


Message History

You completely miss the blink frog.
The blink frog is heavily wounded.
The blink frog hits you!
* * * LOW HITPOINT WARNING * * *
You sock the blink frog!!
You kill the blink frog!
Trog accepts your kill.
Your Fighting skill increases to level 9!
You miss the blink frog.
The blink frog is almost dead.
The blink frog hits you!
* * * LOW HITPOINT WARNING * * *
The blink frog blinks!
You see here a hound corpse.
You completely miss the blink frog.
The blink frog is almost dead.
You miss the blink frog.
The blink frog is almost dead.
The blink frog hits you!
You die...

......<..............##
.....................P#
.
###.########........[.#
#.. ##
#.........####...#
##................#
##P................#
..P..................
........FF....$.......
#....@...........##
#...####.........# #..
#.....[.... #.
#.........# #
#......... #........
........ ...... ###


You could see 2 blink frogs.

Vanquished Creatures
  A komodo dragon (Lair:1)
  A blink frog (Lair:1)
  The ghost of Antunes the Digger, an average TrEE (Ossuary)
  2 yaks (D:8)
  A hippogriff (D:8)
  A hungry ghost (D:8)
  A black bear (D:8)
  An orc warrior (D:7)
  2 ice beasts
  3 ogres
  6 centaurs
  The ghost of SaintRoka the Cutter, an average KoSk (D:3)
  2 elf zombies (Ossuary)
  A big kobold (D:8)
  3 giant frogs
  5 scorpions
  5 wights (D:8)
  2 centaur zombies (Ossuary)
  7 crimson imps
  2 giant frog skeletons
  An iguana (D:8)
  A jelly (D:7)
  6 orc priests
  5 orc wizards
  4 worker ants
  8 hounds
  Ijyb (D:5)
  5 hound zombies
  4 mummies
  A worker ant zombie (D:8)
  3 gnolls (D:4)
  11 adders
  2 river rats (D:8)
  A giant mite (D:6)
  A white imp (D:6)
  4 worms
  3 adder zombies (Ossuary)
  5 giant geckos
  3 oozes (D:1)
  38 orcs
  12 bats
  2 bat skeletons
  12 giant cockroaches
  9 hobgoblins
  16 kobolds
  2 ball pythons
  4 giant newts
  A giant spore (D:6)
  7 goblins
  2 goblin zombies (Ossuary)
  4 hobgoblin zombies (Ossuary)
  5 jackals
  3 jackal zombies (Ossuary)
  3 kobold zombies (Ossuary)
  2 orc zombies (Ossuary)
  6 quokkas
  A quokka skeleton (D:4)
  4 quokka zombies (Ossuary)
  23 rats
  5 rat zombies (Ossuary)
  10 ballistomycetes (D:6)
  17 fungi
  3 plants (D:8)
308 creatures vanquished.

Vanquished Creatures (others)
  A ballistomycete (D:6)
  A fungus (D:8)
2 creatures vanquished.

Grand Total: 310 creatures vanquished

Notes
Turn   | Place    | Note
--------------------------------------------------------------
     0 | D:1      | Chiseanne, the Ogre Hunter, began the quest for the Orb.
     0 | D:1      | Reached XP level 1. HP: 22/22 MP: 1/1
     1 | D:1      | Found a runed door.
    51 | D:1      | Reached XP level 2. HP: 19/29 MP: 2/2
    74 | D:1      | Reached skill level 5 in Throwing
   346 | D:1      | Reached XP level 3. HP: 29/36 MP: 3/3
  1432 | D:2      | Reached XP level 4. HP: 34/44 MP: 4/4
  1543 | D:2      | Reached skill level 1 in Maces & Flails
  1834 | D:2      | Reached XP level 5. HP: 53/53 MP: 5/5
  1942 | D:3      | Noticed SaintRoka's ghost (average KoSk)
  2387 | D:3      | Found a glowing golden altar of the Shining One.
  2389 | D:3      | Found a deep blue altar of Sif Muna.
  2563 | D:3      | Killed SaintRoka's ghost
  2763 | D:3      | Reached XP level 6. HP: 56/61 MP: 6/6
  3356 | D:4      | Found a staircase to the Ecumenical Temple.
  3360 | Temple   | Entered the Ecumenical Temple
  3926 | Temple   | Became a worshipper of Trog the Wrathful
  4165 | D:4      | Reached XP level 7. HP: 67/71 MP: 7/7
  4192 | D:4      | Reached skill level 5 in Dodging
  4423 | D:5      | Entered Level 5 of the Dungeon
  4427 | D:5      | Found a sand-covered staircase.
  4491 | D:5      | Noticed Ijyb
  4500 | D:5      | Killed Ijyb
  4680 | D:5      | Acquired Trog's first power
  4802 | Ossuary  | Entered an ossuary
  4833 | Ossuary  | Noticed Antunes' ghost (average TrEE)
  4847 | Ossuary  | Killed Antunes' ghost
  4847 | Ossuary  | Reached skill level 5 in Fighting
  4856 | Ossuary  | Reached skill level 6 in Dodging
  4856 | Ossuary  | Reached XP level 8. HP: 38/80 MP: 8/8
  4913 | Ossuary  | Reached skill level 5 in Maces & Flails
  5746 | D:6      | Reached skill level 7 in Dodging
  5798 | D:6      | Found a glowing silver altar of Zin.
  5799 | D:6      | Noticed an angel
  5908 | D:6      | Acquired Trog's second power
  5999 | D:6      | Found a blossoming altar of Fedhas.
  6000 | D:6      | Found a white marble altar of Elyvilon.
  6003 | D:6      | Found a sacrificial altar of Ru.
  6003 | D:6      | Found an iron altar of Okawaru.
  6018 | D:6      | Reached XP level 9. HP: 64/92 MP: 9/9
  7132 | D:7      | Reached skill level 8 in Dodging
  8031 | D:8      | Reached skill level 9 in Dodging
  8207 | D:8      | Acquired Trog's third power
  8227 | D:8      | Found a staircase to the Lair.
  8270 | D:8      | Reached XP level 10. HP: 54/104 MP: 10/10
  9209 | D:8      | Reached skill level 10 in Dodging
  9377 | Lair:1   | Entered Level 1 of the Lair of Beasts
  9391 | Lair:1   | HP: 1/159 [komodo dragon (30)]
  9825 | Lair:1   | HP: 5/160 [blink frog (14)]
  9828 | Lair:1   | Mangled by a blink frog

Action                   |  1- 3 |  4- 6 |  7- 9 | 10-12 || total
-------------------------+-------+-------+-------+-------++-------
Melee: Short sword       |    62 |       |       |       ||    62
       Whip              |    14 |       |       |       ||    14
       Mace              |    35 |   163 |   433 |   180 ||   811
Throw: Large rock        |     1 |    19 |     9 |     4 ||    33
       Throwing net      |       |     1 |     2 |     1 ||     4
       Tomahawk          |       |       |    14 |       ||    14
       Javelin           |       |       |     3 |     3 ||     6
Invok: Berserk           |       |       |     3 |     2 ||     5
       Burn Spellbooks   |       |       |     1 |     1 ||     2
  Use: Scroll            |     3 |     4 |    12 |       ||    19
  Eat: Chunk             |     2 |     5 |    10 |     2 ||    19
       Pizza             |       |     1 |       |       ||     1
       Bread ration      |       |     1 |     1 |       ||     2
       Fruit             |       |       |       |     4 ||     4
       Beef jerky        |       |       |       |     1 ||     1
